 Dungeon Crawl Stone Soup version 0.26-a0-712-ga5a9c9c9d0 (webtiles) character file.

Game seed: 10222368641184445854

95 kae the Insei (level 4, 0/26 HPs)
             Began as a Tengu Transmuter on Nov 12, 2020.
             Was an Initiate of Makhleb.
             Slain by Sigmund
             ... wielding a +0 scythe
              (8 damage)
             ... on level 3 of the Dungeon.
             The game lasted 00:01:47 (2204 turns).

kae the Insei (Tengu Transmuter)                    Turns: 2204, Time: 00:01:47

Health: 0/26       AC:  4    Str: 11    XL:     4   Next: 65%
Magic:  8/8        EV: 13    Int: 13    God:    Makhleb [......]
Gold:   232        SH:  0    Dex: 15    Spells: 3/7 levels left

rFire    . . .     SeeInvis .     - Unarmed
rCold    . . .     Faith    .   (no shield)
rNeg     . . .     Spirit   .   a - +0 robe
rPois    .         Reflect  .   (helmet restricted)
rElec    .         Harm     .   (no cloak)
rCorr    .         Rampage  .   (no gloves)
MR       .....                  (boots unavailable)
Stlth    +.........             g - amulet of regeneration
HPRegen  0.48/turn              j - ring of wizardry
MPRegen  0.11/turn              (no ring)

@: no status effects
A: beak, talons 3, icy blue scales 1, screaming 1
a: Renounce Religion


You were on level 3 of the Dungeon.
You worshipped Makhleb.
Makhleb was noncommittal.
You visited 1 branch of the dungeon, and saw 3 of its levels.

You collected 232 gold pieces.

Inventory:

Armour
 a - a +0 robe (worn)
Jewellery
 g - an amulet of regeneration (around neck)
 j - a ring of wizardry (left hand)
 n - an uncursed ring of positive energy {unknown}
Scrolls
 b - 4 scrolls of identify {unknown}
 c - 3 scrolls of enchant armour {unknown}
 d - 2 scrolls of amnesia {unknown}
 f - 2 scrolls of fog {unknown}
 h - a scroll of enchant weapon {unknown}
 i - a scroll of teleportation {unknown}
 q - 3 scrolls of remove curse {unknown}


   Skills:
 + Level 2.1 Fighting
 - Level 2.1 Dodging
 + Level 4.0 Unarmed Combat
 - Level 2.0 Spellcasting
 * Level 2.8 Transmutations
 - Level 1.0 Poison Magic


You had 3 spell levels left.
You knew the following spells:

 Your Spells              Type           Power        Failure   Level
a - Beastly Appendage     Tmut           #.....       3%          1
b - Spider Form           Tmut/Pois      #.........   14%         3

Your spell library contained the following spells:

 Spells                   Type           Power        Failure   Level
 Wereblood                Tmut           #.......     4%          2
 Ice Form                 Ice/Tmut       #.......     45%         4
 Blade Hands              Tmut           #.........   61%         5


Dungeon Overview and Level Annotations

Branches:
Dungeon (3/15)

Altars:
Makhleb
Zin

Annotations:
D:3 Sigmund


Innate Abilities, Weirdness & Mutations

You have a beak for a mouth.
You have claws for feet.
You are partially covered in icy blue scales. (AC +2)
You occasionally shout uncontrollably at your foes.


Message History

You're too confused!
It was a potion of brilliance.
You feel clever all of a sudden.
You feel less confused. Something hits you!
The leopard gecko barely misses you.
It was a potion of stabbing.
You feel ready to backstab. The leopard gecko closely misses you.
Something barely misses you.
It was a potion of mutation.
You feel extremely strange.
Your vision blurs.
Icy blue scales grow over part of your body.
You feel the urge to shout.
Your vision sharpens.
The leopard gecko bites you. The kobold misses you.
It was a potion of cancellation.
Your magical effects are unravelling.
You feel magically purged.
Your transformation has ended.
Your +0 robe unmelds from your body.
You feel a little less clever now.
You feel less ready to backstab. The leopard gecko closely misses you.
Something hits you!
You die...

# # # # # ###### ## #
#....#... # ####.#....#
#############..Kl{g.#
............#.##@#..#
###########.#.##.##...#
####......#.#.##.. ..(..
..........#.#.##########
...........>.........
.########.#.#.#######
.....#............#
####.#.##.#######.#
#.#.##.# #.#


You could see a leopard gecko, a goblin and a kobold.

Vanquished Creatures
  2 adders (D:2)
  4 worms
  2 dart slugs (D:2)
  5 leopard geckos
  A ball python (D:3)
  2 giant cockroaches (D:2)
  9 goblins
  6 hobgoblins
  A jackal (D:1)
  A quokka (D:2)
  10 bats
  4 frilled lizards
  7 kobolds
  4 rats
58 creatures vanquished.

Notes
Turn   | Place    | Note
-------+----------+-------------------------------------------
     0 | D:1      | kae the Tengu Transmuter began the quest for the Orb.
     0 | D:1      | Reached XP level 1. HP: 12/12 MP: 4/4
   390 | D:1      | Reached XP level 2. HP: 16/16 MP: 4/6
   723 | D:1      | Reached XP level 3. HP: 19/20 MP: 5/7
  1199 | D:2      | Learned a level 3 spell: Spider Form
  1440 | D:2      | Reached XP level 4. HP: 26/26 MP: 6/8
  1683 | D:2      | Reached skill level 1 in Poison Magic
  1823 | D:2      | Found a burning altar of Makhleb.
  1823 | D:2      | Found a glowing silver altar of Zin.
  1824 | D:2      | Noticed an angel
  1824 | D:2      | Noticed an Executioner
  1836 | D:2      | Became a worshipper of Makhleb the Destroyer
  1992 | D:3      | Reached skill level 4 in Unarmed Combat
  2189 | D:3      | Noticed Sigmund
  2203 | D:3      | Gained mutation: Scrolls take you a little longer to read.
                  | [potion of mutation]
  2203 | D:3      | Gained mutation: You are partially covered in icy blue
                  | scales. (AC +2) [potion of mutation]
  2203 | D:3      | Gained mutation: You occasionally shout uncontrollably at
                  | your foes. [potion of mutation]
  2203 | D:3      | Lost mutation: Scrolls take you a little longer to read.
                  | [potion of mutation]
  2204 | D:3      | Slain by Sigmund

Illustrated notes

Levels and vault maps discovered:
D:1:      psy_arrival_terrarium, layout_rooms, minmay_heptomino_h4
D:2:      layout_basic, grunt_temple_overflow_order_and_chaos_2,
          minmay_tiny_reverse_x
D:3:      minmay_octagon_keep, layout_basic, uniq_sigmund

Skill      XL: |  1  2  3  4 |
---------------+-------------+-----
Transmutations | 2 |  2.8
Poison Magic   | 1 |  1.0
Fighting       | 2 |  2.1
Unarmed Combat | 4 |  4.0
Dodging        | |  2.1
Spellcasting   | |  2.0

Action                   |  1- 3 |  4- 6 || total
-------------------------+-------+-------++-------
Melee: Unarmed           |    79 |    44 ||   123
       Peck              |    15 |     8 ||    23
       Headbutt          |    12 |     4 ||    16
       Kick              |    17 |    14 ||    31
       Punch             |     1 |       ||     1
 Cast: Beastly Appendage |    19 |    12 ||    31
       Spider Form       |     1 |     1 ||     2
  Use: Potion            |       |     6 ||     6
Armor: Robe              |    26 |     9 ||    35
Dodge: Dodged            |    60 |    36 ||    96

Table legend: (Time is in decaauts)
 A = Elapsed time spent in this place.
 B = Non-inter-level travel time spent in this place.
 C = Inter-level travel time spent in this place.
 D = Time resting spent in this place.
 E = Time spent auto-exploring this place.
 F = Levels seen in this place.
 G = Mean time per level.
                   A        B        C        D        E       F      G
               +--------+--------+--------+--------+--------+-----+--------+
         Total |   2194 |   2153 |     41 |     24 |   1713 |   3 |  731.3 |
       Dungeon |   2194 |   2153 |     41 |     24 |   1713 |   3 |  731.3 |
               +--------+--------+--------+--------+--------+-----+--------+

Top non-repeatable levels by time:
     D:1: 1168 daAuts
     D:2: 717 daAuts
     D:3: 309 daAuts
